 Dungeon Crawl Stone Soup version 0.22.0-49-gab54619 (webtiles) character file.

41 Erlindor the Grave Robber (level 3, -1/26 HPs)
             Began as a Ghoul Necromancer on Sept 8, 2018.
             Slain by an adder (2 damage)
             ... on level 2 of the Dungeon.
             The game lasted 00:08:39 (1699 turns).

Erlindor the Grave Robber (Ghoul Necromancer)       Turns: 1699, Time: 00:08:40

Health: -1/26      AC:  3    Str:  9 (11) XL:     3   Next: 52%
Magic:  0/5        EV: 12    Int: 10 (11) God:
Gold:   67         SH:  0    Dex:  8 (9)  Spells: 2/7 levels left

rFire    + . .     SeeInvis .   b - +0 short sword
rCold    + + .     Gourm    .   (no shield)
rNeg     + + +     Faith    .   i - +0 robe
rPois    ∞         Spirit   .   (no helmet)
rElec    +         Reflect  .   (no cloak)
rCorr    +         Harm     .   h - +0 pair of gloves
MR       .....                  (no boots)
Stlth    ++........             (no amulet)
HPRegen  0.00/turn              (no ring)
MPRegen  0.09/turn              (no ring)

@: resistant, very slightly contaminated, rotting
A: rotting body, claws 1, carnivore, cold resistance 1, negative energy
resistance 3, inhibited regeneration, torment resistance, unbreathing
a: no special abilities


You were on level 2 of the Dungeon.
You were hungry.

You visited 1 branch of the dungeon, and saw 2 of its levels.

You collected 67 gold pieces.

Inventory:

Hand Weapons
 b - a +0 short sword (weapon)
Missiles
 d - 193 stones (quivered)
Armour
 h - a +0 pair of gloves (worn)
 i - a +0 robe (worn)
Jewellery
 e - an uncursed ring of protection from cold {unknown}
 j - an uncursed amulet of the gourmand {unknown}
 k - a +4 ring of intelligence {unknown}
Scrolls
 l - a scroll of amnesia {unknown}
 m - a scroll of identify {unknown}
 n - a scroll of magic mapping {unknown}
Potions
 f - a potion of curing
Comestibles
 c - 5 rations


   Skills:
 - Level 1.7 Dodging
 - Level 2.1 Stealth
 + Level 2.5 Spellcasting
 + Level 4.6 Necromancy


You had 2 spell levels left.
You knew the following spells:

 Your Spells              Type           Power        Failure   Level  Hunger
a - Pain                  Necr           ##..         4%          1    ##.....
b - Animate Skeleton      Necr           N/A          4%          1    ##.....
c - Vampiric Draining     Necr           ##........   13%         3    ####...

Your spell library contained the following spells:

 Spells                   Type           Power        Failure   Level  Hunger
 Regeneration             Chrm/Necr      #.........   34%         3    ####...
 Animate Dead             Necr           N/A          41%         4    #####..


Dungeon Overview and Level Annotations

Branches:
Dungeon (2/15)

Altars:
Fedhas


Innate Abilities, Weirdness & Mutations

Your body is rotting away.
You thrive on raw meat.
You are immune to poison.
You have sharp fingernails.
You are carnivorous and can eat meat at any time.
Your flesh is cold resistant. (rC+)
You are immune to negative energy. (rN+++)
You do not regenerate when monsters are visible.
You are immune to unholy pain and torment.
You can survive without breathing.


Message History

The adder is heavily wounded.
The adder bites you.
* * * LOW HITPOINT WARNING * * *
The adder bites you.
* * * LOW HITPOINT WARNING * * *
You hit the adder but do no damage.
The adder is heavily wounded.
The adder bites you.
* * * LOW HITPOINT WARNING * * *
Casting: Pain (safe; 4% risk of failure)
Confirm with . or Enter, or press ? or * to list all spells.
Aiming: Pain (safe; 4% risk of failure)
Press: ? - help, Shift-Dir - straight line, f/p - adder
Aim: an adder (heavily wounded, chance to defeat MR: 71%)
The adder writhes in agony!
The adder bites you but does no damage. The adder misses you.
You closely miss the adder.
The adder is severely wounded.
The adder bites you.
You die...

#.# #.#
#.#.....# #.#
#.# #.#..†..###
#.# #.#
#........÷. #.#
#.#####.....###
#.#
#.#........)...
#.#
#.#.#####..####
#.# #.#.# #..#
#S###.#.#####..#
#.@.....)......#
#####.#.######.#
........# #.#
#####...# #.#
#...# #.# #...#
.# #...# .#
....# .....#


You could see an adder.

Vanquished Creatures
  4 dart slugs (D:1)
  A leopard gecko (D:2)
  3 bats (D:1)
  A giant cockroach (D:1)
  6 goblins
  2 hobgoblins (D:1)
  5 kobolds
  A ball python (D:2)
  2 frilled lizards
  6 rats
31 creatures vanquished.

Vanquished Creatures (collateral kills)
  A rat (D:1)
1 creature vanquished.

Grand Total: 32 creatures vanquished

Notes
Turn   | Place    | Note
-------+----------+-------------------------------------------
     0 | D:1      | Erlindor the Ghoul Necromancer began the quest for the Orb.
     0 | D:1      | Reached XP level 1. HP: 14/14 MP: 2/2
     6 | D:1      | Learned a level 1 spell: Animate Skeleton
   204 | D:1      | Reached XP level 2. HP: 19/19 MP: 2/4
   890 | D:1      | Reached XP level 3. HP: 26/26 MP: 1/5
  1454 | D:2      | Found a blossoming altar of Fedhas.
  1661 | D:2      | Learned a level 3 spell: Vampiric Draining
  1694 | D:2      | HP: 1/26 [adder (3)]
  1699 | D:2      | Slain by an adder

Skill      XL: |  1 |
---------------+----+-----
Spellcasting   | 2 |  2.5
Dodging        | |  1.7
Stealth        | |  2.1
Necromancy     | |  4.6

Action                   || total
-------------------------++-------
Melee: Short sword       ||    40
 Cast: Pain              ||    51
       Animate Skeleton  ||     3
  Use: Potion            ||     3
  Eat: Chunk             ||     3
Armor: Robe              ||    17
Dodge: Dodged            ||    31
